 Dungeon Crawl Stone Soup version 0.30-a0-715-gdb4ae3ece1 (webtiles) character file.

Game seed: 1445242933188959202

538 bmack86 the Chopper (level 7, 0/61 HPs)
             Began as a Minotaur Fighter on Jan 24, 2023.
             Slain by a water moccasin (2 damage)
             ... on level 5 of the Dungeon.
             The game lasted 00:09:26 (3597 turns).

bmack86 the Chopper (Minotaur Fighter)              Turns: 3597, Time: 00:09:26

Health: 0/61       AC:  9    Str: 23    XL:     7   Next: 5%
Magic:  6/6        EV:  9    Int:  5    God:
Gold:   9          SH:  4    Dex:  9    Spells: 6/6 levels left

rFire   . . .      SeeInvis .    a - +1 war axe
rCold   . . .      Faith    .    c - +0 buckler
rNeg    . . .      Spirit   .    b - +0 scale mail
rPois   .          Reflect  .    (helmet restricted)
rElec   .          Harm     .    r - +1 cloak {Stlth+}
rCorr   +          Rampage  .    (no gloves)
Will    .....                    (no boots)
Stlth   +                        (no amulet)
HPRegen 0.30/turn                l - ring of resist corrosion
MPRegen 0.10/turn                (no ring)

@: lethally poisoned (0 -> -6)
A: horns 2, retaliatory headbutt
a: no special abilities


You were on level 5 of the Dungeon.
You visited 1 branch of the dungeon, and saw 5 of its levels.

You collected 240 gold pieces.
You spent 231 gold pieces at shops.

Inventory:

Hand Weapons
 a - a +1 war axe (weapon)
 x - a +0 war axe
Missiles
 n - 2 atropa-tipped darts (quivered)
Armour
 b - a +0 scale mail (worn)
 c - a +0 buckler (worn)
 f - a scarf of shadows
 r - a +1 cloak of stealth (worn)
Jewellery
 l - a ring of resist corrosion (left hand)
Wands
 u - a wand of roots (6)
Scrolls
 e - 2 scrolls of fear
 o - 2 scrolls of teleportation
 p - a scroll of noise
Potions
 d - a potion of heal wounds {unknown}
 g - a potion of curing
 h - 2 potions of resistance
 i - 2 potions of lignification
 j - 4 potions of brilliance
 k - a potion of attraction {unknown}
 m - a potion of invisibility {unknown}
 q - a potion of berserk rage
 s - 2 potions of mutation
 t - a potion of haste {unknown}
 v - a potion of flight {unknown}
 w - a potion of ambrosia {unknown}


   Skills:
 + Level 5.1 Fighting
 * Level 5.8 Axes
 + Level 2.3 Throwing
 + Level 5.1 Armour
 + Level 5.2 Shields


You had 6 spell levels left.
You didn't know any spells.
Your spell library contained the following spells:

 Spells                   Type           Power      Damage    Failure   Level
 Sublimation of Blood     Necr           0%         N/A       94%         2
 Wereblood                Tmut           0%         N/A       94%         2
 Portal Projectile        Hex/Tloc       0%         N/A       99%         3
 Tukima's Dance           Hex            0%         N/A       99%         3
 Blade Hands              Tmut           0%         N/A       100%        5
 Summon Hydra             Summ           0%         N/A       100%        7


Dungeon Overview and Level Annotations

Branches:
Dungeon (5/15)
 Temple: D:4-7

Altars:
Sif Muna
Trog
Yredelemnul

Shops:
D:4 [


Innate Abilities, Weirdness & Mutations

You have a pair of horns on your head.
You reflexively headbutt those who attack you in melee.


Message History

The water moccasin bites you. x2
You barely miss the water moccasin. You hit the water moccasin.
You feel sick.
The water moccasin bites you but does no damage.
The water moccasin closely misses you. The water moccasin barely misses you.
You barely miss the water moccasin.
Your headbutt misses the water moccasin.
You miss the water moccasin.
You feel sick. The water moccasin bites you.
The water moccasin bites you but does no damage.
The water moccasin completely misses you.
You block the water moccasin's attack.
You slash the water moccasin!
The water moccasin is heavily wounded.
You hit the water moccasin but do no damage.
You feel sick.
You are no longer poisoned.
The water moccasin bites you. The water moccasin barely misses you.
You furiously retaliate!
You headbutt the water moccasin! The water moccasin bites you!
You barely miss the water moccasin. You headbutt the water moccasin!
The water moccasin is almost dead.
You barely miss the water moccasin. The water moccasin barely misses you.
The water moccasin bites you but does no damage.
The water moccasin bites you.
You are poisoned.
The water moccasin poisons you! You block the water moccasin's attack.
You barely miss the water moccasin. You headbutt the water moccasin.
You kill the water moccasin!
You hit the water moccasin.
You feel very sick. The water moccasin barely misses you.
The water moccasin bites you.
* * * LOW HITPOINT WARNING * * *
You have reached level 7!
You miss the water moccasin.
The water moccasin is severely wounded.
* * * LOW HITPOINT WARNING * * *
You feel very sick. The water moccasin bites you.
* * * LOW HITPOINT WARNING * * *
The water moccasin bites you.
You die...

#... ..# #... ##..#
#...# ....# ....... ....
..... #...... . ...#..
#.## ##...... ... #.>.
..# #.......
.....#.S#####.###.......
......†@..##............
.....####..#....#.......
... ##..###.#.)..... .
##.......).....
######........ ###..####
##....# #..... ###...


You could see a water moccasin.

Vanquished Creatures
  A water moccasin (D:5)
  2 ogres
  2 jellies (D:2)
  An orc priest (D:5)
  A gnoll (D:1)
  7 adders
  An ufetubus (D:5)
  2 worms
  3 orcs
  6 ball pythons
  14 endoplasms
  6 giant cockroaches
  6 goblins
  5 hobgoblins
  4 jackals (D:3)
  16 kobolds
  A quokka (D:1)
  2 bats
  2 frilled lizards (D:1)
  7 rats
89 creatures vanquished.

Vanquished Creatures (others)
  4 fungi (D:2)
  4 toadstools (D:2)
8 creatures vanquished.

Grand Total: 97 creatures vanquished

Notes
Turn   | Place    | Note
-------+----------+-------------------------------------------
     0 | D:1      | bmack86 the Minotaur Fighter began the quest for the Orb.
     0 | D:1      | Reached XP level 1. HP: 19/19 MP: 0/0
    33 | D:1      | Found a faded altar of an unknown god.
   107 | D:1      | Reached XP level 2. HP: 27/27 MP: 1/1
   409 | D:1      | Reached XP level 3. HP: 29/33 MP: 2/2
   573 | D:2      | Found a shimmering blue altar of Sif Muna.
   734 | D:2      | Reached XP level 4. HP: 8/40 MP: 3/3
  1104 | D:2      | Reached skill level 1 in Throwing
  1111 | D:2      | Reached XP level 5. HP: 20/47 MP: 4/4
  1993 | D:3      | Found a runed translucent door.
  1993 | D:3      | Noticed a human
  2000 | D:3      | Found a basalt altar of Yredelemnul.
  2299 | D:3      | Found a bloodstained altar of Trog.
  2629 | D:4      | Found Igean's Armour Boutique.
  2856 | D:4      | Noticed an ogre
  2863 | D:4      | Killed an ogre
  2864 | D:4      | Reached skill level 5 in Axes
  2864 | D:4      | Reached XP level 6. HP: 38/53 MP: 5/5
  3221 | D:5      | Entered Level 5 of the Dungeon
  3263 | D:4      | Bought a +1 cloak of stealth for 231 gold pieces
  3300 | D:5      | Reached skill level 5 in Shields
  3444 | D:5      | Reached skill level 5 in Fighting
  3444 | D:5      | Reached skill level 5 in Armour
  3584 | D:5      | Noticed a water moccasin
  3587 | D:5      | Noticed a water moccasin
  3596 | D:5      | Killed a water moccasin
  3597 | D:5      | Reached XP level 7. HP: 9/61 MP: 6/6
  3597 | D:5      | HP: 2/61 [water moccasin (5)]
  3597 | D:5      | Slain by a water moccasin

Illustrated notes

Levels and vault maps discovered:
D:1:      dpeg_arrival_stonehenge_8_columns, layout_rooms,
          chequers_ecumenical_altar_simple_redux, hex_medium,
          amcnicky_mini_rare_corridor_liquid, minmay_misc_feat_alley,
          st_stairs_3, minmay_misc_feat_plants
D:2:      cheibrodos_fertilizer, layout_basic, basic_altar
D:3:      layout_basic, dk_yredelemnul_ordeal, general_overflow_altar,
          grunt_decor_one_mirror, minmay_fractal_squares_diagonal_5
D:4:      layout_loops_ring, serial_shops, nicolae_stop_n_shop_2
D:5:      layout_rooms, kennysheep_orc_sif_temple,
          mainiacjoe_overflow_cross_hatched, ebering_dispersal_statue_hall,
          uniq_duvessa

Skill      XL: |  1  2  3  4  5  6 |
---------------+-------------------+-----
Axes           | 3 4 5 |  5.8
Shields        | 4 5 |  5.2
Armour         | 4 5 |  5.1
Fighting       | 4 5 |  5.1
Throwing       | 1 2 |  2.3

Action                     |  1- 3 |  4- 6 |  7- 9 || total
---------------------------+-------+-------+-------++-------
  Melee: War axe           |    48 |   104 |     1 ||   153
         Headbutt          |     4 |    15 |       ||    19
  Throw: Dart              |       |     2 |       ||     2
    Use: Scroll            |     2 |    13 |       ||    15
         Potion            |       |     1 |       ||     1
 Armour: Scale mail        |    32 |    58 |       ||    90
  Dodge: Dodged            |    37 |    64 |       ||   101
  Block: Buckler           |    13 |    30 |       ||    43

Table legend: (Time is in decaauts)
 A = Elapsed time spent in this place.
 B = Non-inter-level travel time spent in this place.
 C = Inter-level travel time spent in this place.
 D = Time resting spent in this place.
 E = Time spent auto-exploring this place.
 F = Levels seen in this place.
 G = Mean time per level.
                   A        B        C        D        E       F      G
               +--------+--------+--------+--------+--------+-----+--------+
         Total |   3649 |   3472 |    177 |    360 |   2142 |   5 |  729.8 |
       Dungeon |   3649 |   3472 |    177 |    360 |   2142 |   5 |  729.8 |
               +--------+--------+--------+--------+--------+-----+--------+

Top non-repeatable levels by time:
     D:2: 1240 daAuts
     D:3: 828 daAuts
     D:4: 665 daAuts
     D:1: 567 daAuts
     D:5: 346 daAuts
